Map: [ESL] Royal Blood

Players

Oliveira - Winner!

  • Race: Terran Terran

Cure

  • Race: Terran Terran

Event: IEM Katowice 2023

VOD

Have the link to the VOD?

Description

Time

  • Played on: Feb. 10, 2023, 8:01 a.m.
  • Length: 15:26

All games in this series

Show
View Real Time Build Order
Export as new Build Order

Oliveira Terran - Winner!

Build Orders: Reaper Expand 

Get SALT Encoding   

  12  0:00  SCV  
  13  0:12  SCV  
  14  0:17  Supply Depot  
  14  0:24  SCV  
  15  0:38  SCV  
  15  0:40  Barracks  
  16  0:45  Refinery  
  16  0:50  SCV  
  17  1:03  SCV  
  18  1:15  SCV  
  19  1:28  Orbital Command, Reaper  
  20  1:41  Command Center  
  20  1:50  Supply Depot  
  20  1:53  SCV  
  21  1:59  Marine  
  22  2:05  SCV  
  23  2:09  Factory  
  23  2:17  SCV  
  23  2:19  Refinery  
  23  2:22  Barracks Reactor  
  25  2:30  SCV  
  25  2:32  Bunker  
  25  2:42  SCV  
  26  2:53  Orbital Command  
  26  2:54  SCV, Hellion  
  26  2:57  Starport  
  29  3:00  Marine  
  29  3:01  Marine  
  31  3:06  SCV  
  32  3:17  Factory Tech Lab  
  32  3:19  SCV x2  
  34  3:22  Refinery  
  34  3:23  Marine x2  
  36  3:28  Supply Depot  
  36  3:32  SCV x2  
  38  3:40  Factory Tech Lab, Raven  
  38  3:41  Marine x2  
  40  3:44  SCV x2  
  44  3:53  Supply Depot  
  44  3:56  SCV x2  
  44  3:59  Cyclone  
  49  4:08  SCV x2  
  51  4:14  Command Center  
  51  4:18  Raven  
  51  4:20  SCV  
  51  4:21  SCV  
  55  4:24  Supply Depot  
  55  4:31  Siege Tank  
  58  4:33  SCV x2  
  58  4:35  Marine  
  58  4:36  Marine  
  62  4:43  Supply Depot  
  62  4:46  SCV x2  
  62  4:52  Raven  
  66  4:57  Marine x2  
  66  4:58  Barracks x2  
  66  4:59  SCV  
  69  5:01  SCV  
  69  5:05  Supply Depot  
  70  5:07  Siege Tank  
  70  5:11  SCV  
  70  5:13  SCV  
  75  5:16  Refinery  
  75  5:21  Engineering Bay  
  75  5:22  Engineering Bay  
  75  5:24  SCV  
  75  5:25  SCV  
  77  5:29  Orbital Command  
  77  5:34  Marine  
  77  5:35  Stimpack  
  78  5:38  SCV  
  78  5:40  Viking  
  78  5:42  Viking  
  83  5:47  Siege Tank  
  85  5:52  Orbital Command  
  85  5:59  Barracks Reactor x2  
  85  6:00  SCV  
  86  6:04  SCV  
  86  6:07  Marine  
  86  6:08  Supply Depot  
  86  6:11  Viking  
  90  6:14  Viking  
  90  6:15  Barracks  
  90  6:16  Barracks  
  90  6:18  SCV x2  
  93  6:19  SCV  
  93  6:22  Terran Infantry Weapons Level 1  
  94  6:29  Marine, Terran Infantry Armor Level 1  
  94  6:32  SCV  
  95  6:34  Supply Depot  
  95  6:38  SCV  
  95  6:39  SCV  
  96  6:41  Siege Tank, Marine x2  
  96  6:42  Marine  
  96  6:43  Supply Depot  
  96  6:46  SCV  
  103  6:48  Viking  
  103  6:52  SCV x2  
  105  6:55  Viking  
  105  6:56  Marine  
  107  7:03  Barracks Reactor x2  
  107  7:04  Marine x3  
  107  7:05  SCV x2  
  107  7:06  SCV  
  110  7:08  Refinery  
  110  7:10  Refinery  
  110  7:13  Marine  
  110  7:14  Combat Shield  
  111  7:18  SCV x2  
  111  7:20  Marine  
  111  7:22  SCV  
  114  7:25  Marine x2, Siege Tank  
  114  7:29  Marine  
  120  7:30  SCV  
  120  7:31  Marine  
  120  7:32  Supply Depot x2  
  122  7:38  Marine, Armory  
  122  7:42  Marine x2  
  125  7:45  Marine  
  125  7:53  Marine x2, Medivac x2, SCV x2  
  125  7:54  Marine x2, SCV  
  125  7:55  Sensor Tower  
  135  7:58  Supply Depot  
  135  8:01  Marine  
  135  8:03  Siege Tank  
  140  8:05  SCV x2  
  140  8:10  Marine  
  141  8:20  Marine x4  
  141  8:21  Marine x2  
  141  8:22  Supply Depot  
  141  8:26  Medivac  
  141  8:27  Command Center  
  149  8:41  SCV  
  149  8:42  Supply Depot  
  149  8:43  Marine x5, Medivac, SCV  
  157  8:51  Siege Tank  
  150  8:57  Marine x2  
  150  8:59  SCV x2  
  150  9:00  Marine x2  
  156  9:05  Terran Infantry Weapons Level 2, Terran Infantry Armor Level 2  
  156  9:06  Factory  
  156  9:08  Supply Depot  
  156  9:09  Terran Vehicle Weapons Level 1  
  154  9:10  SCV  
  154  9:12  Marine x2  
  154  9:13  Supply Depot  
  154  9:15  Barracks Reactor  
  156  9:19  Marine  
  156  9:22  Marine x2  
  156  9:23  SCV x3  
  162  9:24  Siege Tank  
  162  9:29  Marine x3  
  162  9:30  Marine  
  169  9:38  Marine  
  164  9:49  Marine  
  164  9:50  Marine x2  
  155  9:53  Marine  
  155  9:55  Marine x2  
  155  9:56  Siege Tank  
  161  10:05  Marine x2  
  150  10:07  Siege Tank  
  150  10:08  Marine  
  150  10:10  Marine  
  150  10:11  Medivac x2  
  153  10:21  Marine  
  153  10:22  Marine x2  
  153  10:24  Marine  
  153  10:26  Marine x2, Command Center  
  153  10:27  Marine x2  
  159  10:30  Marine x2, SCV  
  159  10:31  SCV  
  163  10:36  Siege Tank  
  163  10:38  Starport  
  163  10:39  Starport  
  163  10:41  Marine x2  
  163  10:42  Siege Tank  
  171  10:45  Medivac x2  
  171  10:49  Marine x4  
  179  10:52  Marine x2  
  180  10:59  Marine  
  180  11:04  Supply Depot x2  
  181  11:06  Refinery  
  181  11:07  Refinery  
  181  11:13  Marine x2  
  181  11:18  Starport Tech Lab  
  181  11:19  Starport Tech Lab  
  181  11:25  Marine x3, Siege Tank x2  
  189  11:26  Marine x2  
  180  11:33  Marine  
  180  11:35  Marine x2  
  183  11:40  Marine  
  183  11:41  Raven x2  
  183  11:42  Planetary Fortress  
  183  11:46  Sensor Tower  
  185  11:48  Viking x2  
  186  11:59  Siege Tank  
  187  12:05  Terran Infantry Weapons Level 3  
  183  12:11  Terran Infantry Armor Level 3  
  183  12:13  Terran Vehicle Weapons Level 2  
  183  12:17  Raven x2  
  183  12:20  Marine  
  188  12:29  Viking x2  
  191  12:40  Command Center  
  191  12:48  Siege Tank x2  
  188  13:19  Viking x2  
  184  13:20  Siege Tank x2  
  161  13:27  Viking  
  161  13:30  Marine x2, Viking  
  161  13:32  Marine  
  161  13:34  Marine  
  161  13:37  Marine x3  
  161  13:38  Marine x2  
  161  13:39  Marine  
  168  13:48  Marine x2  
  168  13:50  Marine  
  168  13:51  Viking x2  
  168  13:52  Marine  
  168  13:55  Marine x2  
  166  13:58  Marine  
  166  14:00  Siege Tank x2, Viking  
  166  14:01  Marine x2  
  171  14:04  Marine  
  171  14:06  Marine  
  164  14:13  Marine x2  
  164  14:16  Marine  
  148  14:17  Marine  
  148  14:20  Marine x3  
  148  14:22  Viking x2  
  148  14:24  Raven  
  149  14:32  Marine  
  149  14:41  Siege Tank  
  149  14:42  Marine  
  148  14:47  Marine x2  
  148  14:48  Marine  
  148  14:49  Marine x2  
  148  14:50  Marine  
  148  14:51  Marine x3  
  130  14:53  Siege Tank  
  129  15:00  Marine  
  129  15:04  Marine  
  129  15:05  Marine  
  129  15:06  Marine x2  
  134  15:07  Marine  
  134  15:08  Marine  
Show
View Real Time Build Order
Export as new Build Order

Cure Terran 

Build Orders: Gas First Reaper Expand, Hellion Opening 

Get SALT Encoding   

  12  0:00  SCV  
  13  0:12  SCV  
  14  0:17  Supply Depot  
  14  0:24  SCV  
  14  0:27  Refinery  
  15  0:38  SCV  
  16  0:43  Barracks  
  16  0:50  SCV  
  17  1:03  SCV  
  18  1:15  SCV  
  19  1:30  Orbital Command, Reaper  
  20  1:40  Command Center  
  20  1:51  Factory  
  20  1:55  SCV  
  21  2:03  Refinery  
  21  2:05  Barracks Reactor  
  21  2:07  SCV  
  22  2:12  Supply Depot  
  22  2:19  SCV  
  23  2:34  SCV  
  24  2:37  Starport  
  26  2:44  Hellion x2  
  26  2:46  SCV  
  29  2:51  Orbital Command  
  29  2:55  Barracks Tech Lab  
  29  2:58  SCV  
  30  3:08  Hellion x2  
  30  3:10  SCV  
  35  3:18  SCV  
  36  3:21  Raven  
  36  3:22  SCV  
  36  3:25  Supply Depot  
  39  3:32  Hellion  
  39  3:33  Hellion  
  43  3:35  SCV  
  43  3:36  SCV  
  43  3:38  Barracks Tech Lab  
  45  3:45  Supply Depot  
  45  3:48  SCV x2  
  46  3:54  Supply Depot  
  47  3:58  Raven  
  47  4:00  SCV x2  
  47  4:02  Refinery  
  51  4:04  Cyclone  
  51  4:08  Marine x2  
  56  4:12  SCV  
  56  4:13  SCV  
  58  4:18  Supply Depot  
  58  4:25  Marine  
  58  4:26  Marine  
  58  4:27  SCV x2  
  58  4:29  Supply Depot  
  62  4:32  Raven  
  63  4:39  SCV x2  
  63  4:42  Siege Tank  
  63  4:43  Marine x2  
  70  4:53  Command Center  
  70  4:55  SCV x2  
  72  5:02  Supply Depot  
  72  5:08  SCV x2  
  72  5:13  Marine  
  75  5:14  Siege Tank  
  75  5:17  Viking x2  
  82  5:21  Supply Depot  
  82  5:24  SCV x2  
  82  5:25  Refinery  
  84  5:30  Stimpack  
  84  5:31  Marine  
  84  5:34  Supply Depot  
  85  5:36  SCV x2  
  87  5:47  Siege Tank  
  87  5:48  SCV x2  
  87  5:49  Marine  
  93  5:54  Viking  
  95  5:57  Supply Depot  
  95  6:01  Viking  
  95  6:03  SCV x2  
  99  6:10  Orbital Command, Barracks x2  
  99  6:11  Marine  
  99  6:17  SCV x2  
  102  6:21  Siege Tank  
  105  6:26  Viking  
  105  6:29  SCV  
  105  6:30  SCV  
  105  6:31  Viking  
  111  6:36  Marine  
  111  6:39  Engineering Bay  
  112  6:40  Engineering Bay  
  112  6:43  SCV x3  
  115  6:53  Siege Tank  
  115  6:54  Marine, Supply Depot  
  118  6:55  SCV x3  
  118  6:56  Supply Depot  
  118  6:58  Refinery  
  122  7:05  Viking  
  122  7:07  SCV x3  
  125  7:10  Viking  
  125  7:12  Barracks Reactor  
  125  7:13  Barracks Reactor  
  125  7:14  Marine  
  128  7:16  Refinery  
  128  7:18  Terran Infantry Weapons Level 1  
  128  7:19  Terran Infantry Armor Level 1  
  128  7:23  SCV x3  
  128  7:29  Combat Shield  
  131  7:32  Barracks  
  131  7:34  Barracks  
  131  7:36  Supply Depot  
  131  7:42  Viking x2  
  131  7:43  Marine  
  132  7:45  SCV x3  
  132  7:47  Siege Tank  
  138  7:54  Marine x4  
  142  8:00  Marine  
  142  8:02  Armory  
  142  8:03  Sensor Tower  
  143  8:06  SCV x3  
  146  8:15  Marine x4, Supply Depot  
  146  8:18  Marine, Medivac x2  
  155  8:21  Barracks Reactor  
  155  8:22  Barracks Reactor, Supply Depot x2  
  155  8:36  Siege Tank  
  155  8:40  Command Center  
  158  8:43  Marine x5  
  147  8:58  Marine x4  
  147  8:59  Medivac x2  
  147  9:01  Marine  
  147  9:02  Marine x3  
  159  9:07  SCV x3  
  161  9:10  Siege Tank  
  161  9:14  Factory  
  161  9:15  Barracks Reactor  
  164  9:17  Marine x4  
  164  9:19  Marine  
  164  9:20  Marine x3  
  168  9:30  Terran Infantry Weapons Level 2, Terran Infantry Armor Level 2  
  167  9:31  Terran Vehicle Weapons Level 1  
  167  9:35  Marine x4  
  167  9:36  Marine  
  167  9:38  Marine x3  
  175  9:42  Siege Tank  
  172  9:52  Marine x2  
  149  9:53  Marine x4  
  149  9:54  Marine  
  149  9:55  Marine x3  
  156  10:03  Orbital Command  
  144  10:10  Marine x4  
  144  10:11  Marine x2  
  144  10:12  Marine  
  144  10:13  Marine x3  
  154  10:14  Siege Tank  
  157  10:24  Siege Tank  
  157  10:27  Marine x2  
  144  10:28  Marine x2  
  144  10:33  Liberator x2  
  151  10:39  Supply Depot  
  151  10:41  Supply Depot  
  151  10:48  Siege Tank  
  154  10:56  Siege Tank  
  157  11:01  Sensor Tower, SCV x2  
  159  11:12  Supply Depot  
  159  11:15  Supply Depot  
  158  11:20  Siege Tank  
  161  11:27  Marine x4  
  161  11:28  Siege Tank  
  151  11:34  Marine x4  
  151  11:35  Orbital Command  
  148  11:54  Viking x2  
  152  12:06  SCV x3  
  155  12:08  Sensor Tower  
  155  12:14  Siege Tank  
  158  12:21  Siege Tank  
  161  12:24  Supply Depot  
  161  12:27  Refinery  
  161  12:29  Marine x4  
  165  12:31  Marine  
  166  12:37  Viking  
  166  12:39  Viking  
  166  12:43  Marine x3  
  173  12:46  Marine x2  
  173  12:47  Marine  
  173  13:01  Marine x3  
  173  13:02  Marine x2  
  178  13:07  Viking  
  178  13:09  Viking  
  169  13:19  Marine x4  
  167  13:29  Siege Tank  
  167  13:30  Siege Tank  
  168  13:37  Viking  
  168  13:39  Marine x2, Viking  
  173  13:45  Marine x2  
  173  13:46  Marine  
  176  14:07  Viking  
  176  14:16  Siege Tank, Viking  
  170  14:23  Marine x2  
  170  14:24  Marine  
  173  14:31  Marine x2  
  162  14:44  Marine  
  143  14:50  Marine x2  
  143  14:51  Marine x2  
  90  15:03  Marine x3  

Tags
 
Add a new tag
Caveats
  • Supply blocks, unpowered buildings, or Contaminate may cause inaccurate times.
  • Supply counts are checked every 10 seconds.